 Dungeon Crawl Stone Soup version 0.29-a0-664-gff9cad4a3d (webtiles) character file.

Game seed: 18252108902464261497

1654 HoaS the Archer (level 9, -6/48 HPs)
             Began as a Tengu Hunter on June 22, 2022.
             Was a Follower of Makhleb.
             Killed from afar by a steam dragon (16 damage)
             ... with a ball of steam
             ... on level 6 of the Dungeon.
             The game lasted 00:09:53 (5165 turns).

HoaS the Archer (Tengu Hunter)                      Turns: 5165, Time: 00:09:54

Health: -6/48      AC:  4    Str: 12    XL:     9   Next: 0%
Magic:  10/10      EV: 14    Int: 10    God:    Makhleb [*.....]
Gold:   232        SH:  0    Dex: 21    Spells: 8/8 levels left

rFire   . . .      SeeInvis .   p - +1 shortbow (flame)
rCold   . . .      Faith    .   (shield currently unavailable)
rNeg    + . .      Spirit   .   b - +1 leather armour
rPois   .          Reflect  .   (helmet restricted)
rElec   .          Harm     .   (no cloak)
rCorr   .          Rampage  .   (no gloves)
Will    +....                   (boots unavailable)
Stlth   ++........              i - amulet of the acrobat
HPRegen 0.16/turn               l - ring of positive energy
MPRegen 0.12/turn               o - ring of willpower

@: flying quickly and evasively, studying Spellcasting, quick
A: beak, talons 3, nimble flight
a: Renounce Religion


You were on level 6 of the Dungeon.
You worshipped Makhleb.
Makhleb was aware of your devotion.
You visited 2 branches of the dungeon, and saw 7 of its levels.
You also visited: Sewer.

You collected 232 gold pieces.

Inventory:

Hand Weapons
 p - a +1 shortbow of flaming (weapon)
Armour
 b - a +1 leather armour (worn)
Jewellery
 i - an amulet of the acrobat (around neck)
 l - a ring of positive energy (left hand)
 o - a ring of willpower (right hand)
Scrolls
 a - a scroll of poison {unknown}
 c - 4 scrolls of immolation
 m - a scroll of magic mapping
 n - 3 scrolls of teleportation
Potions
 d - a potion of haste
 e - 2 potions of curing
 f - a potion of might {unknown}
 g - 2 potions of mutation
 h - 2 potions of invisibility
 j - a potion of lignification {unknown}
 k - a potion of flight {unknown}


   Skills:
 - Level 2.0 Fighting
 + Level 12.8 Bows
 - Level 2.1 Dodging
 - Level 1.0 Stealth


You had 8 spell levels left.
You didn't know any spells.
Your spell library contained the following spells:

 Spells                   Type           Power      Damage    Failure   Level
 Sandblast                Erth           0%         2d4       43%         1
 Passwall                 Tmut/Erth      0%         N/A       58%         2
 Stone Arrow              Conj/Erth      0%         3d7       82%         3
 Summon Lightning Spire   Summ/Air       0%         N/A       99%         4
 Storm Form               Tmut/Air       0%         N/A       100%        7
 Maxwell's Capacitive Co  Air            0%         ∞         100%        8


Dungeon Overview and Level Annotations

Branches:
Dungeon (6/15)             Temple (1/1) D:4           Sewer (visited)

Altars:
Ashenzari
Cheibriados
Dithmenos
Elyvilon
Fedhas
Gozag
Hepliaklqana
Kikubaaqudgha
Makhleb
Nemelex Xobeh
Qazlal
Ru
Trog
Uskayaw
Vehumet
Wu Jian
Xom
Yredelemnul
Zin
The Shining One

Shops:
D:3 (

Annotations:
D:3 1 runed translucent door, Crazy Yiuf


Innate Abilities, Weirdness & Mutations

You have a beak for a mouth.
You have claws for feet.
Your magical nature lets you fly swiftly and evasively.


Message History

The arrow hits the steam dragon but does no damage.
The steam dragon is heavily wounded.
The steam dragon completely misses you. The steam dragon claws you.
Shoot: p) +1 shortbow (flame)
Press: ? - help, Q - select action Shift-Dir - straight line, f/p - steam dragon
Aim: a steam dragon (heavily wounded, catching its breath, 70% to hit)
You shoot an arrow.
The arrow barely misses the steam dragon.
The arrow hits the scorpion.
The arrow burns the scorpion.
The scorpion is moderately wounded.
The steam dragon bites you!
* * * LOW HITPOINT WARNING * * *
The steam dragon barely misses you.
Shoot: p) +1 shortbow (flame)
Press: ? - help, Q - select action Shift-Dir - straight line, f/p - steam dragon
Aim: a steam dragon (heavily wounded, 70% to hit)
You shoot an arrow.
The arrow hits the steam dragon but does no damage.
The steam dragon is heavily wounded.
The steam dragon closely misses you.
The steam dragon claws you but does no damage.
Shoot: p) +1 shortbow (flame)
Press: ? - help, Q - select action Shift-Dir - straight line, f/p - steam dragon
Aim: a steam dragon (heavily wounded, 70% to hit)
You shoot an arrow. The arrow hits the steam dragon.
The arrow burns the steam dragon.
The steam dragon is heavily wounded.
The steam dragon bites you.
* * * LOW HITPOINT WARNING * * *
The steam dragon closely misses you.
Shoot: p) +1 shortbow (flame)
Press: ? - help, Q - select action Shift-Dir - straight line, f/p - steam dragon
Aim: a steam dragon (heavily wounded, 70% to hit)
You shoot an arrow. The arrow hits the steam dragon!
The arrow burns the steam dragon.
The steam dragon is almost dead.
The scorpion closely misses you. The steam dragon breathes steam at you.
The ball of steam hits you!
You die...

#...# #...#.....#
##..####...#.....# .
#...............# ..
#..............## ...
##..............## ..D.
............#....## .....
...[........##....####...§§.
............###..s.../......
......##....###.@D..........
.....####...##....#####.....
.....# ##.......## ....
.....# ##......## ...
.....####.......# ..
...............## .
..............##
..............#
...............#


You could see a steam dragon (catching breath) and a scorpion.

Vanquished Creatures
  Grinder (D:6)
  An ice beast (D:6)
  A black bear (D:6)
  An ogre (D:5)
  A centaur (D:6)
  3 phantoms (D:5)
  2 bullfrogs (Sewer)
  2 scorpions
  3 howler monkeys
  2 jellies
  3 hounds (D:5)
  4 iguanas
  An orc wizard (D:4)
  9 adders
  3 gnolls (D:3)
  2 worms (D:5)
  A dart slug (D:1)
  10 orcs
  7 ball pythons
  4 bats
  14 endoplasms
  8 giant cockroaches
  5 goblins
  4 hobgoblins
  6 jackals
  10 quokkas
  8 frilled lizards
  5 kobolds
  7 rats
128 creatures vanquished.

Vanquished Creatures (others)
  An orc wizard (D:3)
1 creature vanquished.

Grand Total: 129 creatures vanquished

Notes
Turn   | Place    | Note
-------+----------+-------------------------------------------
     0 | D:1      | HoaS the Tengu Hunter began the quest for the Orb.
     0 | D:1      | Reached XP level 1. HP: 12/12 MP: 2/2
   296 | D:1      | Reached XP level 2. HP: 17/17 MP: 3/3
   432 | D:1      | Reached skill level 5 in Bows
   815 | D:1      | Found a burning altar of Makhleb.
   931 | D:2      | Reached XP level 3. HP: 20/21 MP: 4/4
  1436 | D:2      | Reached skill level 6 in Bows
  1556 | D:2      | Reached XP level 4. HP: 26/26 MP: 5/5
  1557 | D:2      | Found a faded altar of an unknown god.
  1625 | D:3      | Found Vemohoti's Antique Weapon Boutique.
  1755 | D:3      | Gained mutation: Your magical nature lets you fly swiftly
                  | and evasively. [Tengu growth]
  1755 | D:3      | Reached XP level 5. HP: 21/30 MP: 6/6
  1859 | D:3      | Found a snail-covered altar of Cheibriados.
  2104 | D:3      | Identified the +8 mace of Ascent {spect, rN+ Will++ rCorr
                  | Int+4}
  2110 | D:3      | Found a runed translucent door.
  2111 | D:3      | Noticed Crazy Yiuf
  2203 | D:3      | Reached skill level 7 in Bows
  2635 | D:4      | Reached XP level 6. HP: 35/35 MP: 7/7
  2654 | D:4      | Reached skill level 8 in Bows
  2831 | D:4      | Found a staircase to the Ecumenical Temple.
  2840 | Temple   | Entered the Ecumenical Temple
  3045 | Temple   | Became a worshipper of Makhleb the Destroyer
  3494 | D:5      | Entered Level 5 of the Dungeon
  3564 | D:5      | Reached skill level 9 in Bows
  3564 | D:5      | Reached XP level 7. HP: 38/40 MP: 8/8
  3786 | D:5      | Reached skill level 10 in Bows
  3952 | D:5      | Reached XP level 8. HP: 44/44 MP: 9/9
  4054 | D:5      | Found a glowing drain.
  4071 | Sewer    | Entered a sewer
  4144 | Sewer    | Reached * piety under Makhleb
  4261 | Sewer    | Reached skill level 11 in Bows
  4361 | Sewer    | Identified the +6 ring mail "Dappas" {*Slow rElec rPois
                  | rCorr}
  4458 | D:5      | Found a shadowy altar of Dithmenos.
  4463 | D:5      | Found a basalt altar of Yredelemnul.
  4756 | D:6      | Reached skill level 12 in Bows
  5136 | D:6      | Noticed Grinder
  5146 | D:6      | Killed Grinder
  5147 | D:6      | Reached XP level 9. HP: 48/48 MP: 10/10
  5165 | D:6      | Killed from afar by a steam dragon

Illustrated notes

Levels and vault maps discovered:
D:1:      dpeg_arrival_water_altar, layout_loops_corners,
          minmay_misc_feat_diagonals, st_stairs_1
D:2:      layout_rooms, ebering_ecumenical_altar_abandoned, eino_tiny_chamber
D:3:      layout_basic, mainiacjoe_overflow_24_doors, serial_shops,
          shop_fountains, uniq_crazy_yiuf_cottage
D:4:      layout_loops_cross, minmay_temple_entry_statues_pillars,
          minmay_fountain_box, corexii_corridor_pit
D:5:      layout_loops_ring, mainiacjoe_overflow_big_doors,
          gup_sewer_entry_bubbles, hangedman_decor_growths, grunt_ministairs_8
D:6:      layout_layer_cave, uniq_grinder
Temple:   minmay_crystal_spiral_temple

Skill      XL: |  1  2  3  4  5  6  7  8 |
---------------+-------------------------+-----
Bows           | 5 6 7 9 10 12 | 12.8
Fighting       | |  2.0
Dodging        | |  2.1
Stealth        | |  1.0

Action                   |  1- 3 |  4- 6 |  7- 9 || total
-------------------------+-------+-------+-------++-------
 Fire: Shortbow          |    90 |   126 |   175 ||   391
  Use: Scroll            |     3 |     7 |     2 ||    12
       Potion            |       |       |     3 ||     3
Armor: Leather armour    |    14 |     4 |     7 ||    25
Dodge: Dodged            |    36 |    26 |    45 ||   107

Table legend: (Time is in decaauts)
 A = Elapsed time spent in this place.
 B = Non-inter-level travel time spent in this place.
 C = Inter-level travel time spent in this place.
 D = Time resting spent in this place.
 E = Time spent auto-exploring this place.
 F = Levels seen in this place.
 G = Mean time per level.
                   A        B        C        D        E       F      G
               +--------+--------+--------+--------+--------+-----+--------+
         Total |   4966 |   4710 |    256 |    919 |   3027 |   8 |  620.8 |
       Dungeon |   4486 |   4305 |    181 |    837 |   2813 |   6 |  747.7 |
        Temple |    191 |    116 |     75 |      0 |    100 |   1 |  191.0 |
         Sewer |    288 |    288 |      0 |     82 |    113 |   1 |  288.0 |
               +--------+--------+--------+--------+--------+-----+--------+

Top non-repeatable levels by time:
     D:1: 1146 daAuts
     D:3: 859 daAuts
     D:5: 741 daAuts
     D:4: 718 daAuts
     D:6: 527 daAuts
     D:2: 493 daAuts
   Sewer: 288 daAuts
  Temple: 191 daAuts
